[ PARTIDA AOE2 · #508083316 ]
UnrankedBohemios vs Japanese
Equipo del jugador · DERR
Equipo rival · VICT
[ ANÁLISIS DE REPETICIÓN · EXTRAÍDO DE LA PARTIDA GRABADA ]
Feudal
—
Castillos
—
Imperial
—
| APM promedio | 83.5 |
| APM pico | 120 |
| eAPM promedio | 37.4 |
| Aldeanos / militares | 36 / 6 |
Foco
⚔️ 35.7% · 🌾 64.3%
Militia ×6
Feudal
8:50
Castillos
—
Imperial
—
| APM promedio | 64.9 |
| APM pico | 79 |
| eAPM promedio | 26.2 |
| Aldeanos / militares | 17 / 5 |
Foco
⚔️ 45.1% · 🌾 54.9%
Militia ×5
Mapa de la partida
Recursos iniciales + cada clic de construcción. Líneas = muros · curvas = relieve. ◆ oro · ⬟ piedra · ● bayas · ✦ reliquia · ◌ hueco del cierre
Tu base
Base de Oni.FreakinAndy
Terreno inicial suavizado · ◌ = hueco del cierre detectado · pasá el cursor para detalles
Inputs por minuto
— Gil-galad - - Oni.FreakinAndy
Build order — Gil-galad
58 acciones detectadas en el replay
| 0:00 | Encolar | Villager (Male) |
| 0:00 | Encolar | Villager (Male) |
| 0:01 | Encolar | Villager (Male) |
| 0:02 | Construir | House |
| 0:02 | Construir | House |
| 0:13 | Encolar | Villager (Male) |
| 0:14 | Encolar | Villager (Male) |
| 1:24 | Encolar | Villager (Male) |
| 1:24 | Encolar | Villager (Male) |
| 1:24 | Encolar | Villager (Male) |
| 1:46 | Construir | Lumber Camp |
| 1:56 | Encolar | Villager (Male) |
| 1:56 | Encolar | Villager (Male) |
| 2:15 | Encolar | Villager (Male) |
| 2:15 | Encolar | Villager (Male) |
| 2:49 | Encolar | Villager (Male) |
| 2:50 | Encolar | Villager (Male) |
| 3:11 | Encolar | Villager (Male) |
| 3:11 | Encolar | Villager (Male) |
| 3:36 | Encolar | Villager (Male) |
| 3:36 | Encolar | Villager (Male) |
| 3:50 | Construir | House |
| 4:14 | Encolar | Villager (Male) |
| 4:14 | Encolar | Villager (Male) |
| 4:20 | Construir | Barracks |
| 4:29 | Construir | Palisade Wall |
| 4:30 | Construir | Palisade Wall |
| 4:35 | Encolar | Villager (Male) |
| 4:35 | Encolar | Villager (Male) |
| 5:05 | Encolar | Villager (Male) |
| 5:17 | Encolar | Villager (Male) |
| 5:17 | Encolar | Villager (Male) |
| 5:23 | Encolar | Militia |
| 5:23 | Encolar | Militia |
| 5:27 | Construir | Mill |
| 5:31 | Construir | House |
| 5:47 | Encolar | Villager (Male) |
| 5:49 | Encolar | Militia |
| 5:49 | Encolar | Militia |
| 5:58 | Construir | House |
| 6:19 | Encolar | Villager (Male) |
| 6:40 | Encolar | Villager (Male) |
| 6:40 | Encolar | Villager (Male) |
| 7:02 | Encolar | Militia |
| 7:03 | Encolar | Militia |
| 7:06 | Construir | Mill |
| 7:14 | Encolar | Villager (Male) |
| 7:15 | Encolar | Villager (Male) |
| 7:25 | Encolar | Villager (Male) |
| 7:25 | Encolar | Villager (Male) |
| 7:25 | Encolar | Villager (Male) |
| 7:44 | Construir | House |
| 7:56 | Encolar | Villager (Male) |
| 7:56 | Encolar | Villager (Male) |
| 7:58 | Construir | Mining Camp |
| 8:15 | Construir | Palisade Wall |
| 8:21 | Construir | Palisade Wall |
| 9:24 | Investigar | Loom |
Build order — Oni.FreakinAndy
38 acciones detectadas en el replay
| 0:00 | Encolar | Villager (Male) |
| 0:00 | Encolar | Villager (Male) |
| 0:01 | Construir | House |
| 0:19 | Encolar | Villager (Male) |
| 0:20 | Encolar | Villager (Male) |
| 1:16 | Encolar | Villager (Male) |
| 1:43 | Construir | Lumber Camp |
| 1:53 | Construir | House |
| 1:54 | Construir | House |
| 1:59 | Encolar | Villager (Male) |
| 2:14 | Encolar | Villager (Male) |
| 2:47 | Encolar | Villager (Male) |
| 2:47 | Encolar | Villager (Male) |
| 3:09 | Encolar | Villager (Male) |
| 3:28 | Encolar | Villager (Male) |
| 3:53 | Encolar | Villager (Male) |
| 4:26 | Encolar | Villager (Male) |
| 4:38 | Construir | Barracks |
| 4:47 | Encolar | Villager (Male) |
| 5:08 | Construir | Mill |
| 5:12 | Encolar | Villager (Male) |
| 5:38 | Construir | House |
| 5:44 | Encolar | Villager (Male) |
| 6:11 | Investigar | Loom |
| 6:40 | Investigar | Feudal Age |
| 6:57 | Construir | Mining Camp |
| 7:03 | Encolar | Militia |
| 7:21 | Encolar | Militia |
| 7:21 | Encolar | Militia |
| 7:44 | Construir | House |
| 7:53 | Encolar | Militia |
| 8:11 | Construir | House |
| 8:22 | Encolar | Militia |
| 8:30 | Construir | House |
| 8:32 | Encolar | Villager (Male) |
| 8:50 | Edad | Edad Feudal |
| 8:58 | Investigar | Man-at-Arms (upgrade) |
| 9:30 | Construir | Mill |
Cronología de la partida
| 4:20 | Gil-galad · first_building Barracks |
| 4:29 | Gil-galad · wall_segment Palisade Wall x1 |
| 4:30 | Gil-galad · wall_segment Palisade Wall x1 |
| 4:38 | Oni.FreakinAndy · first_building Barracks |
| 8:15 | Gil-galad · wall_segment Palisade Wall x2 |
| 8:21 | Gil-galad · wall_segment Palisade Wall x1 |
| 8:50 | Oni.FreakinAndy · age_up feudal |
| 9:33 | Gil-galad · resign |
[ ANÁLISIS IA · 1 CRÉDITO ]
¿Qué pasó realmente en esta partida?
Wolo.gg analiza cada decisión: build order, eco, micro, errores típicos por bracket. Análisis personalizado por WhatsApp o Discord en 30 segundos.
Guía civ
Bohemios
Perfil
Jugador #322559